 Dungeon Crawl Stone Soup version 0.18.1-48-g4cf74bf (webtiles) character file.

454 Jerry the Ducker (level 7, -9/46 HPs)
             Began as a Merfolk Summoner on July 14, 2016.
             Shot with an arrow by a centaur (12 damage)
             ... on level 5 of the Dungeon.
             The game lasted 00:24:39 (6878 turns).

Jerry the Ducker (Merfolk Summoner)                 Turns: 6878, Time: 00:24:39

Health: -9/46      AC:  3    Str: 11    XL:     7   Next: 5%
Magic:  8/10       EV: 15    Int: 16    God:
Gold:   305        SH:  0    Dex: 14    Spells: 2 memorised, 6 levels left

rFire  . . .     SeeInvis .     s - +4 club
rCold  . . .     Gourm    .     a - +0 robe
rNeg   + . .     Faith    .     (no shield)
rPois  .         Spirit   .     p - +0 helmet
rElec  .         Dismiss  .     (no cloak)
rCorr  .         Reflect  .     (no gloves)
SustAt .         Harm     .     (no boots)
MR     +....                    (no amulet)
Stlth  ++........               (no ring)
                                d - ring of positive energy

@: somewhat resistant to hostile enchantments, unstealthy
A: change form in water, swift swim, magic resistance 1, strong 1, evolution 1
a: no special abilities


You were on level 5 of the Dungeon.
You were hungry.

You visited 1 branch of the dungeon, and saw 5 of its levels.

You collected 305 gold pieces.

Inventory:

Hand Weapons
 i - a +1 hunting sling of flaming
 o - a +2 antimagic dagger
 s - a +4 club (weapon)
 D - a +0 trident
Missiles
 l - 136 stones
 x - 5 exploding tomahawks (quivered)
Armour
 a - a +0 robe (worn)
 p - a +0 helmet (worn)
Jewellery
 d - a ring of positive energy (left hand)
Wands
 g - a wand of slowing (28/48)
 k - a wand of random effects (18/48)
 w - a wand of teleportation (3/9)
 A - a wand of disintegration (16/24)
Scrolls
 e - 2 scrolls of blinking {unknown}
 f - a scroll of noise {unknown}
 m - a scroll of recharging {unknown}
 n - 2 scrolls of teleportation {unknown}
 q - a scroll of amnesia {unknown}
 t - 3 scrolls of identify {unknown}
 v - 3 scrolls of enchant armour {unknown}
 y - 2 scrolls of fear {unknown}
 z - a scroll of remove curse {unknown}
 B - 3 scrolls of random uselessness {unknown}
 C - 2 scrolls of immolation {unknown}
 F - a scroll of enchant weapon {unknown}
Potions
 E - a potion of invisibility {unknown}
Books
 b - a book of Callings

   Spells                             Type                      Level
   a - Summon Small Mammal            Summoning                    1
   b - Call Imp                       Summoning                    2
   c - Call Canine Familiar           Summoning                    3
   d - Summon Guardian Golem          Hexes/Summoning              3
   e - Summon Lightning Spire         Summoning/Air                4
   f - Summon Ice Beast               Ice/Summoning                4
Comestibles
 c - 6 bread rations
 j - 2 slices of pizza
 r - a beef jerky
 u - a royal jelly
 G - 4 fruits


   Skills:
 + Level 3.8 Polearms
 + Level 6.6 Dodging
 - Level 2.1 Stealth
 - Level 2.0 Spellcasting
 + Level 6.0 Summonings


You had 6 spell levels left.
You knew the following spells:

 Your Spells              Type           Power        Failure   Level  Hunger
a - Summon Small Mammal   Summ           ###.         1%          1    #......
b - Call Canine Familiar  Summ           ###.....     6%          3    ###....


Dungeon Overview and Level Annotations

Branches:
Dungeon (5/15)
 Temple: D:4-7

Altars:
Ashenzari
Cheibriados
Gozag
Pakellas
Qazlal
Trog
Xom
The Shining One

Annotations:
D:4 Eustachio


Innate Abilities, Weirdness & Mutations

You revert to your normal form in water.
You are very nimble and swift while swimming.
You are resistant to hostile enchantments.
Your muscles are strong. (Str +2)
You evolve.


Message History

Aim: a centaur, wielding a shortbow Attack!
The centaur shoots an arrow.
The arrow completely misses you.
The centaur shoots an arrow.
The arrow hits you!
The centaur shoots an arrow.
The arrow hits you!
You see here an arrow.
Your hound bites the centaur but does no damage.
The centaur unwields an uncursed shortbow.
The centaur hits your hound.
Your hound barely misses the centaur.
The centaur wields an uncursed shortbow.
The centaur shoots an arrow.
The arrow hits you!
* * * LOW HITPOINT WARNING * * *
Your hound bites the centaur but does no damage.
You are feeling hungry.
Your hound bites the centaur.
The centaur shoots an arrow.
The arrow barely misses you.
Your hound bites the centaur.
The centaur shoots an arrow.
The arrow hits you.
* * * LOW HITPOINT WARNING * * *
You see here 2 arrows.
The centaur shoots an arrow.
The arrow hits you!
You die...

#........(....#
#......c....##
#...h...(..#
##.........####
##...........#
##.......####...
##(.#...### .
###.#######
##.@## ##..##
##..## ##..##
##..## ##.###
###.##
#######..##
........##


You could see a centaur.

Vanquished Creatures
  A centaur zombie (D:5)
  An orc priest (D:3)
  Ijyb (D:2)
  A worker ant (D:4)
  Robin (D:2)
  4 adders
  A worm (D:3)
  A dart slug (D:1)
  2 giant geckos
  7 orcs
  6 bats
  A giant cockroach (D:1)
  18 goblins
  12 hobgoblins
  3 jackals
  3 quokkas
  4 giant newts
  A jackal skeleton (D:5)
  13 kobolds
  8 rats
89 creatures vanquished.

Vanquished Creatures (collateral kills)
  Grinder (D:4)
  A scorpion (D:4)
  3 adders
  A worm (D:2)
  A giant gecko (D:4)
  6 orcs (D:3)
  A goblin (D:2)
  2 hobgoblins (D:2)
  4 jackals
  A giant cockroach zombie (D:5)
21 creatures vanquished.

Grand Total: 110 creatures vanquished

Notes
Turn   | Place    | Note
--------------------------------------------------------------
     0 | D:1      | Jerry the Merfolk Summoner began the quest for the Orb.
     0 | D:1      | Reached XP level 1. HP: 13/13 MP: 3/3
   240 | D:1      | Found a snail-covered altar of Cheibriados.
   800 | D:1      | Reached XP level 2. HP: 16/19 MP: 5/5
  1621 | D:1      | Reached XP level 3. HP: 22/24 MP: 6/6
  1751 | D:2      | Noticed Robin
  1769 | D:2      | Killed Robin
  2104 | D:2      | Found a shimmering altar of Xom.
  2129 | D:2      | Reached XP level 4. HP: 21/30 MP: 1/7
  2408 | D:2      | Noticed Ijyb
  2421 | D:2      | Killed Ijyb
  2421 | D:2      | Reached skill level 5 in Summonings
  2902 | D:2      | Learned a level 3 spell: Call Canine Familiar
  3780 | D:3      | Reached XP level 5. HP: 33/35 MP: 8/8
  3819 | D:3      | Reached skill level 5 in Dodging
  3896 | D:3      | Found an oddly glowing altar of Pakellas.
  4987 | D:3      | HP: 1/35 [poisoned by an orc]
  5291 | D:4      | Reached skill level 1 in Polearms
  5425 | D:4      | Reached XP level 6. HP: 31/41 MP: 5/9
  5608 | D:4      | Found an opulent altar of Gozag.
  5767 | D:4      | Noticed Grinder
  5782 | D:4      | Gained mutation: You evolve. [potion of mutation]
  5782 | D:4      | Gained mutation: You are resistant to hostile enchantments. [potion of mutation]
  5782 | D:4      | Gained mutation: Your muscles are strong. (Str +2) [potion of mutation]
  5791 | D:4      | Killed Grinder
  6118 | D:4      | Noticed Eustachio
  6231 | D:4      | Found a stormy altar of Qazlal.
  6365 | D:4      | Found a shattered altar of Ashenzari.
  6366 | D:4      | Found a bloodstained altar of Trog.
  6467 | D:5      | Entered Level 5 of the Dungeon
  6653 | D:5      | Reached XP level 7. HP: 29/46 MP: 6/10
  6782 | D:5      | Found a glowing golden altar of the Shining One.
  6876 | D:5      | HP: 2/46 [centaur/arrow (5)]
  6878 | D:5      | Shot with an arrow by a centaur

Skill      XL: |  1  2  3  4  5  6 |
---------------+-------------------+-----
Dodging        | 3 4 5 6 |  6.6
Summonings     | 5 6 |  6.0
Polearms       | 1 3 |  3.8
Stealth        | |  2.1
Spellcasting   | |  2.0

Action                   |  1- 3 |  4- 6 |  7- 9 || total
-------------------------+-------+-------+-------++-------
Melee: Short sword       |   110 |       |       ||   110
       Club              |    10 |   146 |     2 ||   158
       Unarmed           |     6 |       |       ||     6
       Dagger            |    15 |    26 |       ||    41
 Fire: Hunting sling     |       |    28 |       ||    28
Throw: Stone             |    11 |       |       ||    11
 Cast: Summon Small Mamm |    10 |     7 |       ||    17
       Call Canine Famil |       |    13 |     1 ||    14
  Use: Potion            |       |     4 |       ||     4
 Stab: Sleeping          |     2 |     7 |       ||     9
       Distracted        |     1 |       |       ||     1
  Eat: Chunk             |     4 |    15 |       ||    19
       Beef jerky        |       |     1 |       ||     1
Armor: Robe              |    21 |    24 |       ||    45
       Skin              |       |     3 |       ||     3
Dodge: Dodged            |    95 |   143 |     4 ||   242
